[Event "*** SCC Grand Prix: Titled Tuesday Blitz"]
[Site "Chess.com"]
[Date "2020.06.09"]
[Round "2"]
[White "Sam_ChessMood"]
[Black "sonicdravise"]
[Result "1-0"]
[WhiteElo "2827"]
[BlackElo "2561"]
[TimeControl "180+1"]
[EndTime "9:16:40 PDT"]
[Termination "Sam_ChessMood won by resignation"]

1. e4 c5 2. Nf3 d6 3. d4 cxd4 4.
Nxd4 Nf6 5. Nc3 Nc6 6. Bg5 g6 7. Bxf6 exf6 8. Bc4 Bg7 9. O-O O-O 10. Bd5 Nxd4 11. Qxd4 f5 12. Qd3 fxe4 13. Nxe4 Bxb2 14. Rab1 Bg7 15. Nxd6 Qg5 16. c4 Be5 17. f4 Bxf4 18.
Nxf7 Rxf7 19. Bxf7+ Kxf7 20. Qd4 Bf5 21. Rxb7+ Ke6 22.
Re1+ 1-0

[Event "*** SCC Grand Prix: Titled Tuesday Blitz"]
[Site "Chess.com"]
[Date "2020.06.09"]
[Round "2"]
[White "Aleksandar-Topalov"]
[Black "Synctel"]
[Result "1-0"]
[WhiteElo "2383"]
[BlackElo "1912"]
[TimeControl "180+1"]
[EndTime "9:16:41 PDT"]
[Termination "Aleksandar-Topalov won on time"]

1. b3 Nf6 2. Bb2 d5 3. Nf3 Bf5 4. g3 c6 5. Bg2 e6 6. O-O Be7 7. d3 h6 8. Nbd2 O-O 9. c4 Bh7 10. a3 a5 11. Ra2 Nbd7 12. Qa1 Re8 13. Bc3 b5 14. cxb5 cxb5 15. Rc1 Qb8 16. Rac2 Qb7 17. Bd4 Rec8 18. Qb2 Rxc2 19. Rxc2 Rc8 20. a4 bxa4 21. Rxc8+ Qxc8 22. bxa4 Qc6 23. Qb5 Qa8 24. Nb3 Bb4 25.
Ne5 Nxe5 26. Bxe5 Ne8 27. Bd4 Bg6 28. Bb6 Qc8 29. Bxa5 Bxa5 30. Qxa5 Nf6 31. Bf3 Qc2 32. Nd4 Qd1+ 33. Kg2 1-0

[Event "*** SCC Grand Prix: Titled Tuesday Blitz"]
[Site "Chess.com"]
[Date "2020.06.09"]
[Round "2"]
[White "VishnuPrasanna"]
[Black "SaqoChess_Twitch"]
[Result "0-1"]
[WhiteElo "2680"]
[BlackElo "2429"]
[TimeControl "180+1"]
[EndTime "9:16:50 PDT"]
[Termination "SaqoChess_Twitch won by checkmate"]

1. e4 c5 2. Nf3 d6 3. d4 cxd4 4. Nxd4 Nf6 5. Nc3 g6 6. Bg5 Bg7 7. Bb5+ Bd7 8. Qe2 O-O 9. O-O-O Nc6 10. Bxc6 bxc6 11. e5 dxe5 12. Nxc6 Qe8 13. Nxe5 Be6 14. h4 h5 15. f3 a5 16. Qb5 Qxb5 17. Nxb5 Nd5 18.
Nc6 f6 19. Rhe1 Bf7 20. Bd2 Be8 21. Re6 Bd7 22. Nbd4 Bxe6 23. Nxe6 Rfc8 24. Ncd4 Kf7 25. Re1 Ra6 26. b3 a4 27. Kb2 a3+ 28. Kc1 Rd6 29.
c4 Nb6 30. Bb4 Rd7 31. Kb1 Nxc4 32. bxc4 Rxc4 33. Bxa3 Bh6 34. Bb2 Rb7 35. Re2 Rc1# 0-1

[Event "*** SCC Grand Prix: Titled Tuesday Blitz"]
[Site "Chess.com"]
[Date "2020.06.09"]
[Round "2"]
[White "cukus"]
[Black "Nastya_Rakhmangulova"]
[Result "1-0"]
[WhiteElo "2471"]
[BlackElo "2273"]
[TimeControl "180+1"]
[EndTime "9:16:50 PDT"]
[Termination "cukus won by resignation"]

1. e4 d5 2. exd5 Qxd5 3. Nc3 Qd6 4. d4 Nf6 5. Nf3 Bg4 6. h3 Bh5 7. g4 Bg6 8. Ne5 Nbd7 9. Nxg6 hxg6 10. Bg2 c6 11. Qe2 e6 12. Bd2 O-O-O 13. O-O-O Qc7 14. Kb1 Bd6 15. Ne4 Bf4 16. Be1 Nxe4 17. Bxe4 Nf6 18. Bf3 Rd7 19. c4 e5 20. Bc3 exd4 21. Bxd4 Rhd8 22. Bc3 Qb6 23. h4 Rxd1+ 24. Rxd1 Rxd1+ 25. Qxd1 Qxf2 26. g5 Nh5 27. Bg4+ Kc7 28. Qd7+ Kb6 29. Bd4+ 1-0

[Event "*** SCC Grand Prix: Titled Tuesday Blitz"]
[Site "Chess.com"]
[Date "2020.06.09"]
[Round "2"]
[White "chargemax23"]
[Black "aa175"]
[Result "1-0"]
[WhiteElo "2678"]
[BlackElo "2370"]
[TimeControl "180+1"]
[EndTime "9:16:51 PDT"]
[Termination "chargemax23 won on time"]

1. c4 Nf6 2. Nc3 d5 3. cxd5 Nxd5 4. Nf3 g6 5. h4 h5 6. Qb3 Nxc3 7. bxc3 Bg7 8. d4 O-O 9. e4 c5 10. Be3 cxd4 11. Bxd4 Nc6 12. Bxg7 Kxg7 13. Be2 Qb6 14. O-O Be6 15. c4 Rfd8 16. Rfb1 Bg4 17. Qxb6 axb6 18. Rxb6 Bxf3 19. Bxf3 Rd2 20. a4 Ne5 21. Rxb7 Kf6 22. a5 Rd6 23. Be2 Rda6 24. f4 Nc6 25.
e5+ Ke6 26. Bf3 Nxa5 27. Rb5 R8a7 28. c5 Nc6 29. Rd1 f6 30. Rb6 1-0

[Event "*** SCC Grand Prix: Titled Tuesday Blitz"]
[Site "Chess.com"]
[Date "2020.06.09"]
[Round "2"]
[White "eCztery"]
[Black "parnali1611"]
[Result "1-0"]
[WhiteElo "2403"]
[BlackElo "2021"]
[TimeControl "180+1"]
[EndTime "9:16:51 PDT"]
[Termination "eCztery won by resignation"]

1. e4 e5 2. Nf3 Nc6 3. d4 exd4 4. Nxd4 Bc5 5. Be3 Qf6 6. Nb5 Bxe3 7. fxe3 Qh4+ 8. g3 Qxe4 9. Nxc7+ Kd8 10. Nxa8 Qxh1 11.
Qd6 Nge7 12. Nc3 Qf3 13. Qc7+ Ke8 14. Qf4 Qxf4 15. exf4 Kd8 16. O-O-O b6 17. Nb5 Bb7 18. Nd6 Bxa8 19. Nxf7+ Ke8 20. Nxh8 Nd8 21. Bd3 g6 22.
Bb5 Bc6 23. Bc4 Ne6 24. Re1 Bd5 25. Bb5 Nc7 26. Ba4 b5 27. Bb3 Kf8 28. g4 Bxb3 29. axb3 Ncd5 30. Kb1 Kg7 31. c4 bxc4 32. bxc4 Nxf4 33.
Rxe7+ Kxh8 34. Rxd7 1-0

[Event "*** SCC Grand Prix: Titled Tuesday Blitz"]
[Site "Chess.com"]
[Date "2020.06.09"]
[Round "2"]
[White "Ceejay271"]
[Black "trriinu"]
[Result "1-0"]
[WhiteElo "2398"]
[BlackElo "2000"]
[TimeControl "180+1"]
[EndTime "9:16:51 PDT"]
[Termination "Ceejay271 won by resignation"]

1. d4 g6 2. c4 Bg7 3. Nf3 c5 4. d5 d6 5. Nc3 Nf6 6. e4 O-O 7. Bd3 Bg4 8. h3 Bxf3 9. Qxf3 Nbd7 10. Qd1 Ne5 11. Be2 a6 12. a4 Qc7 13. O-O e6 14. f4 Ned7 15. dxe6 fxe6 16. Be3 Rad8 17. Qd2 Rfe8 18. Rad1 Nb6 19. b3 Nc8 20. Kh1 Kh8 21. f5 exf5 22. exf5 gxf5 23. Rxf5 Ne7 24. Rf2 Ng6 25.
Bg5 Rd7 26. Bxf6 1-0

[Event "*** SCC Grand Prix: Titled Tuesday Blitz"]
[Site "Chess.com"]
[Date "2020.06.09"]
[Round "2"]
[White "joksijoksi"]
[Black "Sammed_Shete"]
[Result "1-0"]
[WhiteElo "2350"]
[BlackElo "2603"]
[TimeControl "180+1"]
[EndTime "9:16:55 PDT"]
[Termination "joksijoksi won by resignation"]

1. d4 Nf6 2. c4 e6 3. Nc3 d5 4. Nf3 Be7 5. Bg5 O-O 6. e3 c6 7.
Qc2 a6 8. cxd5 exd5 9. Bd3 Nbd7 10. h3 Re8 11. g4 Nf8 12. O-O-O Ne4 13. Bxe7 Qxe7 14.
Bxe4 dxe4 15. Nd2 f5 16. gxf5 Bxf5 17. f3 b5 18. Ncxe4 Rac8 19. Qb3+ Kh8 20. Nc5 Qxe3 21. Qxe3 Rxe3 22. Rde1 Rce8 23. Rxe3 Rxe3 24. Nxa6 Ne6 25. Nb3 Kg8 26. Nb4 Rxf3 27. Nxc6 Nf4 28. Ne7+ Kf7 29.
Nxf5 Nd5 30. Nd6+ Ke6 31. Nxb5 Kf5 32. Nc3 Nb4 33. Nd2 Rg3 34. Rf1+ Ke6 35. d5+ Ke7 36. a3 Nd3+ 37. Kc2 Ne5 38. a4 Rxh3 39. a5 Kd7 40.
Re1 Nf7 41. a6 Kc7 42. Re7+ 1-0

[Event "*** SCC Grand Prix: Titled Tuesday Blitz"]
[Site "Chess.com"]
[Date "2020.06.09"]
[Round "2"]
[White "chesstrainer2042"]
[Black "ARTHURMOTIVATOR"]
[Result "1-0"]
[WhiteElo "2467"]
[BlackElo "2261"]
[TimeControl "180+1"]
[EndTime "9:16:56 PDT"]
[Termination "chesstrainer2042 won by resignation"]

1. e4 c6 2. Nc3 d5 3. Nf3 dxe4 4. Nxe4 Nf6 5. Qe2 Nxe4 6. Qxe4 Nd7 7. Bc4 Nf6 8. Qe2 Bf5 9. d4 e6 10. O-O Be7 11.
c3 O-O 12. Ne5 Nd7 13. Bf4 Nxe5 14. Bxe5 Bd6 15. Rad1 Qc7 16. Bd3 Bg6 17. f4 Rad8 18. Bxg6 hxg6 19. Rd3 c5 20. Rh3 cxd4 21. cxd4 f6 22.
Bxd6 Rxd6 23. Qg4 Qf7 24. Qh4 Qe8 25. Qh7+ Kf7 26. Rg3 g5 27. fxg5 f5 28. g6+ Ke7 29. Qxg7+ Kd8 30. Rc1 Rg8 1-0

[Event "*** SCC Grand Prix: Titled Tuesday Blitz"]
[Site "Chess.com"]
[Date "2020.06.09"]
[Round "2"]
[White "ftorodent"]
[Black "Jadeit90"]
[Result "1-0"]
[WhiteElo "2661"]
[BlackElo "2304"]
[TimeControl "180+1"]
[EndTime "9:16:58 PDT"]
[Termination "ftorodent won by resignation"]

1. d4 g6 2. c4 Bg7 3. e4 c5 4. d5 d6 5. Bd3 Nf6 6. Nc3 O-O 7.
Nf3 e5 8. O-O Na6 9. a3 Nc7 10. b4 b6 11. Rb1 Nh5 12. Re1 Nf4 13. Bf1 f5 14. Bxf4 exf4 15. e5 dxe5 16. Nxe5 Qd6 17.
bxc5 bxc5 18. Nc6 Bxc3 19. Re7 Bf6 20. Re2 f3 21. gxf3 Bd7 22. Na5 Qf4 23. d6 Ne6 24. Rb7 Rad8 25. Rxd7 Rxd7 26. Rxe6 Be5 27. Bg2 Qxh2+ 28.
Kf1 Rxd6 29. Rxd6 Bxd6 30. Qd5+ Kh8 31. Nb7 Be5 32. Nxc5 Qf4 33. Nd3 Qd4 34. Qxe5+ Qxe5 35. Nxe5 Re8 36. f4 g5 37. Nf7+ Kg7 38. Nxg5 Rc8 39. Bd5 Rc5 40. Ne6+ 1-0

[Event "*** SCC Grand Prix: Titled Tuesday Blitz"]
[Site "Chess.com"]
[Date "2020.06.09"]
[Round "2"]
[White "Msb2"]
[Black "TregubovP"]
[Result "1-0"]
[WhiteElo "2851"]
[BlackElo "2574"]
[TimeControl "180+1"]
[EndTime "9:16:59 PDT"]
[Termination "Msb2 won by checkmate"]

1. d4 Nf6 2. c4 e6 3. Nc3 Bb4 4. e3 O-O 5. Bd2 b6 6. Nf3 Bb7 7.
Bd3 d5 8. cxd5 exd5 9. O-O Bd6 10. Ne5 c5 11. f4 Nc6 12. Ng4 Nxg4 13. Qxg4 cxd4 14.
Nxd5 Bc5 15. e4 f5 16. Qh3 h6 17. b4 Nxb4 18. Nxb4 fxe4 19. Bxe4 Bxe4 20. Qe6+ Kh8 21.
Qxe4 d3+ 22. Kh1 Re8 23. Qxd3 Qxd3 24. Nxd3 Rad8 25. Nxc5 Rxd2 26. Nb3 Rb2 27. Nd4 Re4 28. Rad1 Rxa2 29. f5 a5 30. Ne6 Kg8 31. Rd7 Rg4 32. g3 h5 33. f6 gxf6 34. Rxf6 Re2 35. Rf8# 1-0

[Event "*** SCC Grand Prix: Titled Tuesday Blitz"]
[Site "Chess.com"]
[Date "2020.06.09"]
[Round "2"]
[White "Boninknights"]
[Black "Rish_97"]
[Result "0-1"]
[WhiteElo "2352"]
[BlackElo "2696"]
[TimeControl "180+1"]
[EndTime "9:16:59 PDT"]
[Termination "Rish_97 won by resignation"]

1. d4 Nf6 2. Nf3 e6 3. c4 d5 4. Nc3 Be7 5. Bg5 h6 6. Bxf6 Bxf6 7. e3 O-O 8. Rc1 c6 9. a3 Nd7 10. h3 Be7 11. Qc2 Bd6 12. Bd3 Qe7 13. O-O a6 14. Rfe1 f5 15. cxd5 cxd5 16. Na4 b5 17. Nc5 Nxc5 18. dxc5 Bc7 19. Nd4 Qf6 20. b4 e5 21. Nb3 e4 22. Bf1 f4 23. exf4 Qxf4 24. g3 Qg5 25. Bg2 h5 26. h4 Qf6 27.
Rcd1 Be6 28. Nd4 Bg4 29. Rd2 Be5 30. Qc3 Ra7 31. Qe3 Raf7 32. Nc2 Bc3 33. Rxd5 Bxe1 34. Nxe1 Qxf2+ 35. Qxf2 Rxf2 0-1

[Event "*** SCC Grand Prix: Titled Tuesday Blitz"]
[Site "Chess.com"]
[Date "2020.06.09"]
[Round "2"]
[White "Uchihovich"]
[Black "MartinMatthiesen"]
[Result "1-0"]
[WhiteElo "2690"]
[BlackElo "2351"]
[TimeControl "180+1"]
[EndTime "9:17:01 PDT"]
[Termination "Uchihovich won by resignation"]

1. e4 c5 2. Nf3 d6 3. d4 cxd4 4. Nxd4 Nf6 5. Nc3 a6 6. Bg5 e6 7. f4 h6 8. Bh4 Qb6 9. a3 Be7 10. Bf2 Qc7 11. Qf3 Nbd7 12. O-O-O b5 13. g4 Bb7 14. h4 Nc5 15. Bd3 d5 16. e5 Nfe4 17. Be1 Rc8 18. Kb1 Qb6 19. f5 Nxd3 20. Qxd3 Rc4 21. Nce2 Bc5 22. fxe6 O-O 23. exf7+ Rxf7 24. g5 b4 25. axb4 Bxb4 26. Bxb4 Rxb4 27. b3 Nf2 28. Qe3 Nxh1 29. Rxh1 Bc8 30. Rg1 h5 31. g6 Rf8 32.
e6 Re8 33. Qf3 Bxe6 34. Qxh5 Kf8 35. Qh8+ Ke7 36. Qxg7+ Kd8 37. Qf6+ Kd7 38. g7 Bg8 39.
Qf5+ Kd8 40. Rg6 1-0

[Event "*** SCC Grand Prix: Titled Tuesday Blitz"]
[Site "Chess.com"]
[Date "2020.06.09"]
[Round "2"]
[White "Arkady_Gitelson"]
[Black "dosto07"]
[Result "1/2-1/2"]
[WhiteElo "2491"]
[BlackElo "2116"]
[TimeControl "180+1"]
[EndTime "9:17:02 PDT"]
[Termination "Game drawn by agreement"]

1. Nf3 d5 2. g3 Nf6 3. Bg2 Bg4 4.
O-O c6 5. d4 Nbd7 6. Nbd2 e6 7.
Re1 Bd6 8. e4 dxe4 9. Nxe4 Nxe4 10. Rxe4 Nf6 11. Re1 O-O 12. c3 Qb6 13. Qb3 h6 14.
Nd2 Bf5 15. Nc4 Qxb3 16. axb3 Bc7 17. b4 a6 18. Na5 Bxa5 19. Rxa5 Nd5 20. Bd2 Rfd8 21.
Bf1 Rac8 22. c4 Nf6 23. Bc3 Ne4 24.
Re5 Nxc3 25. bxc3 Bg6 26. R5e3 Kf8 27. Ra1 Ra8 28. Bg2 Rac8 29. Ra5 Ra8 30. h4 Rac8 31. d5 exd5 32. cxd5 cxd5 33. Rxd5 Rxd5 34. Bxd5 Rc7 35.
c4 f6 36. c5 Bf7 37. Bf3 Bc4 38. Rc3 Bb5 39. Kg2 Bc6 40. Re3 a5 1/2-1/2

[Event "*** SCC Grand Prix: Titled Tuesday Blitz"]
[Site "Chess.com"]
[Date "2020.06.09"]
[Round "2"]
[White "Gareth-Bale11"]
[Black "szachuspl"]
[Result "1-0"]
[WhiteElo "2793"]
[BlackElo "2549"]
[TimeControl "180+1"]
[EndTime "9:17:07 PDT"]
[Termination "Gareth-Bale11 won by resignation"]

1. Nf3 Nf6 2. c4 g6 3. Nc3 Bg7 4. d4 O-O 5. e4 d6 6. h3 e5 7. d5 a5 8. g4 Na6 9. Be3 Nc5 10. Nd2 Bd7 11. Be2 Ne8 12. h4 f5 13.
gxf5 gxf5 14. f3 Kh8 15. Qc2 Nf6 16. h5 Rg8 17. h6 Bf8 18. exf5 Be7 19. O-O-O a4 20. Nde4 Bxf5 21. Nxd6 Bg6 22. Qxg6 Rxg6 23. Nf7+ Kg8 24. Nxd8 Rxd8 25. Rdg1 e4 26. fxe4 Nfxe4 27. Nxe4 Nxe4 28. Bd3 Ng3 29. Bxg6 Nxh1 30. Bh5+ 1-0

[Event "*** SCC Grand Prix: Titled Tuesday Blitz"]
[Site "Chess.com"]
[Date "2020.06.09"]
[Round "2"]
[White "fischercapa"]
[Black "BocharovD"]
[Result "0-1"]
[WhiteElo "2364"]
[BlackElo "2734"]
[TimeControl "180+1"]
[EndTime "9:17:07 PDT"]
[Termination "BocharovD won on time"]

1. e4 c5 2. Nf3 d6 3. d4 cxd4 4. Nxd4 Nf6 5. Nc3 a6 6. Bg5 Nbd7 7. Qd2 h6 8. Bh4 e6 9. f3 Nxe4 10. Nxe4 Qxh4+ 11. g3 Qd8 12. O-O-O Be7 13. f4 O-O 14.
Bg2 Qb6 15. Kb1 Nf6 16. g4 Nxg4 17. Bf3 Nf6 18. Rhg1 Kh8 19. Qg2 Rg8 20. Nb3 d5 21.
Nc3 Bd7 22. f5 Rac8 23. fxe6 fxe6 24. Qh3 e5 25. Qh4 Bf5 0-1

[Event "*** SCC Grand Prix: Titled Tuesday Blitz"]
[Site "Chess.com"]
[Date "2020.06.09"]
[Round "2"]
[White "Glek_Igor"]
[Black "HElissalt"]
[Result "1-0"]
[WhiteElo "2446"]
[BlackElo "2222"]
[TimeControl "180+1"]
[EndTime "9:17:09 PDT"]
[Termination "Glek_Igor won on time"]

1. e4 d6 2. d4 Nf6 3. Nc3 e5 4. Nf3 Nbd7 5. Bc4 Be7 6. O-O O-O 7. a4 c6 8. Re1 a5 9. Be3 Nb6 10. Bb3 Nfd7 11. Ne2 exd4 12. Nfxd4 Nc5 13. Ng3 Nxb3 14. cxb3 d5 15. e5 Nd7 16. f4 Nc5 17. Rc1 Ne6 18. f5 Nxd4 19. Bxd4 f6 20. e6 Qc7 21. Qg4 Kh8 22.
Nh5 Rg8 23. Nf4 h6 24. Re3 c5 25. Rh3 1-0

[Event "*** SCC Grand Prix: Titled Tuesday Blitz"]
[Site "Chess.com"]
[Date "2020.06.09"]
[Round "2"]
[White "aRk_iN"]
[Black "awesomevishesh"]
[Result "0-1"]
[WhiteElo "2124"]
[BlackElo "2423"]
[TimeControl "180+1"]
[EndTime "9:17:09 PDT"]
[Termination "awesomevishesh won on time"]

1. d4 Nf6 2. Bg5 g6 3. Bxf6 exf6 4. e3 d5 5. g3 Bd6 6. Bg2 c6 7. Ne2 h5 8. h4 f5 9. Nbc3 Nd7 10. Nf4 Nf6 11.
Nce2 Ne4 12. c3 Bd7 13. Qb3 b5 14. Nd3 O-O 15. Nef4 Re8 16. O-O Kg7 17. Qc2 Qf6 18. b3 Rh8 19. Bf3 g5 20. hxg5 Qxg5 21. Bxe4 fxe4 22.
Ne5 Bxe5 23. dxe5 h4 24. Kg2 Bg4 25. Rg1 hxg3 26. fxg3 Bf3+ 27. Kf1 Qxe5 28. c4 Qxa1+ 0-1

[Event "*** SCC Grand Prix: Titled Tuesday Blitz"]
[Site "Chess.com"]
[Date "2020.06.09"]
[Round "2"]
[White "AungTZ"]
[Black "2007checkmate"]
[Result "0-1"]
[WhiteElo "2107"]
[BlackElo "2411"]
[TimeControl "180+1"]
[EndTime "9:17:09 PDT"]
[Termination "2007checkmate won by resignation"]

1. e4 e5 2. Nf3 Nc6 3. d4 exd4 4. Nxd4 Nf6 5. Nc3 Bb4 6. Nxc6 bxc6 7. Bd3 d5 8. exd5 cxd5 9. O-O O-O 10. Bg5 c6 11. h3 Rb8 12. Qf3 Bd6 13. Rab1 Be6 14. Ne2 Re8 15. Nd4 Bd7 16. b3 Be5 17. Nf5 Bxf5 18.
Qxf5 Qd7 19. Qf3 h6 20. Bd2 Ne4 21. Be3 Nc3 22. Rbe1 Nxa2 23. Bc5 Nb4 24. Bf5 Qc7 25. c3 Na6 26. Be3 Rxb3 27. Bc2 Rxc3 28. Qe2 d4 29.
Qxa6 dxe3 30. Qa4 exf2+ 31. Rxf2 Bh2+ 32. Kf1 Rxe1+ 33. Kxe1 Bg3 34. Qe4 Bxf2+ 35. Kxf2 Qg3+ 36. Kf1 g6 37. Qe2 0-1

[Event "*** SCC Grand Prix: Titled Tuesday Blitz"]
[Site "Chess.com"]
[Date "2020.06.09"]
[Round "2"]
[White "bulletteemo"]
[Black "Igor_Lysyj"]
[Result "1-0"]
[WhiteElo "2541"]
[BlackElo "2751"]
[TimeControl "180+1"]
[EndTime "9:17:10 PDT"]
[Termination "bulletteemo won by resignation"]

1. e4 e5 2. Nf3 Nc6 3. Bb5 a6 4. Ba4 Nf6 5. O-O Bc5 6. c3 O-O 7. d4 Ba7 8. Bg5 h6 9. Bxf6 Qxf6 10. Bxc6 Qxc6 11. Nxe5 Qxe4 12. Nd2 Qf5 13. Re1 d6 14. Nef3 Be6 15. Ne4 Rfe8 16. Ng3 Qg6 17. Qa4 f5 18. Nh4 Qf7 19. Nhxf5 Bd7 20. Qc2 Rxe1+ 21. Rxe1 Re8 22.
Rxe8+ Qxe8 23. h3 Qf7 24. Qe4 Bb6 25. Qxb7 Bxf5 26. Qxa6 Be6 27. Qa8+ Qf8 28. Qe4 Bxa2 29. d5 Qf7 30. Nf5 g6 31. Nxh6+ Kg7 32. Nxf7 Kxf7 33. c4 Bb3 34. Qf3+ 1-0

[Event "*** SCC Grand Prix: Titled Tuesday Blitz"]
[Site "Chess.com"]
[Date "2020.06.09"]
[Round "2"]
[White "Bulldog167"]
[Black "Semetey"]
[Result "1-0"]
[WhiteElo "2780"]
[BlackElo "2532"]
[TimeControl "180+1"]
[EndTime "9:17:12 PDT"]
[Termination "Bulldog167 won by checkmate"]

1. e4 c5 2. Nf3 d6 3. d4 cxd4 4.
Qxd4 Nc6 5. Bb5 a6 6. Bxc6+ bxc6 7. c4 e5 8. Qd3 Qc7 9. Nc3 Be7 10. O-O Nf6 11. b3 O-O 12. Rd1 Bg4 13. h3 Bh5 14. Ba3 Rfd8 15. Rac1 h6 16. g4 Bg6 17.
Qe2 Qb7 18. Nh4 Bh7 19. Nf5 Bxf5 20. gxf5 Kh8 21. Kh2 Rd7 22. Rd3 Rad8 23. Rcd1 Bf8 24. Bc1 Qb8 25. Kh1 Qb7 26. Qf3 Qb8 27. Qg2 Qb7 28.
Rg3 d5 29. Bxh6 gxh6 30. Rg1 Bb4 31. Rg7 Bf8 32. Rg8+ Kh7 33. Qg7+ Bxg7 34. R1xg7# 1-0

[Event "*** SCC Grand Prix: Titled Tuesday Blitz"]
[Site "Chess.com"]
[Date "2020.06.09"]
[Round "2"]
[White "Mikasinski"]
[Black "giantslayer83"]
[Result "0-1"]
[WhiteElo "2417"]
[BlackElo "2706"]
[TimeControl "180+1"]
[EndTime "9:17:12 PDT"]
[Termination "giantslayer83 won by resignation"]

1. e4 e5 2. Nf3 Nc6 3. Nc3 Nf6 4. Bb5 Bd6 5. Bxc6 dxc6 6. d4 exd4 7. Qxd4 c5 8. Qd3 Qe7 9. O-O O-O 10. e5 Bxe5 11.
Re1 Nd7 12. Qe2 Re8 13. Nd5 Bxh2+ 14. Kxh2 Qxe2 15. Rxe2 Rxe2 16. Nxc7 Rb8 17. Bf4 b5 18.
Rd1 h6 19. Nd5 Rb7 20. Ne7+ Rxe7 0-1

[Event "*** SCC Grand Prix: Titled Tuesday Blitz"]
[Site "Chess.com"]
[Date "2020.06.09"]
[Round "2"]
[White "Charlottemillard17"]
[Black "oskariot"]
[Result "0-1"]
[WhiteElo "1504"]
[BlackElo "2637"]
[TimeControl "180+1"]
[EndTime "9:17:12 PDT"]
[Termination "oskariot won by checkmate"]

1. e4 e6 2. d4 d5 3. Nd2 c5 4. c3 Nc6 5. Ngf3 cxd4 6. cxd4 dxe4 7. Nxe4 Bb4+ 8. Bd2 Bxd2+ 9. Qxd2 Nf6 10. Bd3 O-O 11.
O-O h6 12. Bc2 Nd5 13. a3 b6 14. Ng3 f5 15. Rfe1 Qd6 16. Ne5 Nxe5 17. dxe5 Qd7 18. Nh5 Bb7 19. Qd3 Rac8 20. Bb3 Qf7 21. Qh3 Rfd8 22.
Rad1 Kh7 23. Rc1 Rxc1 24. Rxc1 Qg6 25. Bxd5 Rxd5 26. Nf4 Qg5 27. Nxd5 Qxc1# 0-1

[Event "*** SCC Grand Prix: Titled Tuesday Blitz"]
[Site "Chess.com"]
[Date "2020.06.09"]
[Round "2"]
[White "Mazetovic"]
[Black "lachesisQ"]
[Result "0-1"]
[WhiteElo "2622"]
[BlackElo "3043"]
[TimeControl "180+1"]
[EndTime "9:17:13 PDT"]
[Termination "lachesisQ won by resignation"]

1. e4 c5 2. Nf3 d6 3. Bb5+ Nd7 4.
Ba4 Nf6 5. O-O e6 6. Re1 a6 7. c4 Be7 8. Nc3 O-O 9. Bxd7 Bxd7 10.
d4 cxd4 11. Nxd4 Rc8 12. Bg5 Rxc4 13. Qd3 Rc5 14. Bh4 b5 15. Rad1 b4 16. Nce2 Qa8 17. Ng3 Rfc8 18. Nb3 Bb5 19. Qe3 Rc2 20. Bxf6 Bxf6 21.
Rxd6 Be5 22. Rd2 Rxb2 23. Rxb2 Bxb2 24. e5 Qd5 25. Nh5 Qd3 26. Qg5 Qg6 27. Qh4 Bxe5 28.
Rd1 h6 29. Ng3 Rc4 30. Qd8+ Kh7 31. Re1 Bc3 32. Rd1 Qc2 33. h3 Bf6 34. Rd2 Bxd8 0-1

[Event "*** SCC Grand Prix: Titled Tuesday Blitz"]
[Site "Chess.com"]
[Date "2020.06.09"]
[Round "2"]
[White "iaraldinho"]
[Black "kleopl"]
[Result "1-0"]
[WhiteElo "2623"]
[BlackElo "2339"]
[TimeControl "180+1"]
[EndTime "9:17:14 PDT"]
[Termination "iaraldinho won by resignation"]

1. e4 d5 2. exd5 Qxd5 3. Nc3 Qd6 4. d4 Nf6 5. Nf3 c6 6. Ne5 Nbd7 7. Bf4 Nd5 8. Bg3 Nxc3 9. bxc3 Qe6 10. Bc4 Qf6 11.
Bxf7+ Kd8 12. Bb3 e6 13. O-O Be7 14. Qg4 Nb6 15. c4 h5 16. Qf3 Rh7 17. Qxf6 gxf6 18.
Ng6 a5 19. c5 Nd5 20. c4 Nb4 21. a3 Na6 22. Nxe7 Kxe7 23. Bd6+ Kf7 24. Rfe1 Bd7 25. d5 Rc8 26. Rad1 Nc7 27. Bc2 Rg7 28. Bb3 Rg5 29. f4 Rg4 30. Re3 Ne8 31. h3 Rg7 32. dxe6+ Bxe6 33. Rde1 f5 34. Rxe6 1-0

[Event "*** SCC Grand Prix: Titled Tuesday Blitz"]
[Site "Chess.com"]
[Date "2020.06.09"]
[Round "2"]
[White "thedjoker98"]
[Black "KamlaPasand"]
[Result "1-0"]
[WhiteElo "2540"]
[BlackElo "2200"]
[TimeControl "180+1"]
[EndTime "9:17:15 PDT"]
[Termination "thedjoker98 won by resignation"]

1. d4 Nf6 2. c4 g6 3. Nc3 Bg7 4. e4 d6 5. h3 O-O 6. Be3 e5 7. d5 a5 8. c5 c6 9. dxc6 Nxc6 10. cxd6 Nd4 11. Nf3 Qxd6 12. Nxd4 exd4 13. Qxd4 Qxd4 14. Bxd4 Nxe4 15. Bxg7 Kxg7 16. Nxe4 Re8 17. Bd3 f5 18. Rc1 fxe4 19. Rc7+ Kf6 20. Bb5 Re7 21. Rxe7 Kxe7 22.
Ke2 Be6 23. Rc1 Kd6 24. a3 Rc8 25. Rxc8 Bxc8 26. Ke3 Ke5 27. Ba4 g5 28. Bc2 Bf5 29.
g3 Bxh3 30. Bxe4 h6 31. Bxb7 Be6 32. Bf3 Bf7 33. b4 axb4 34. axb4 Bc4 35. Be2 Bf7 36. Bf3 h5 37. b5 Kd6 38. b6 h4 39. gxh4 gxh4 40. Bg2 Be6 41. Kf4 h3 42. Bh1 Bd5 43. Bxd5 Kxd5 44. Kg3 Kc6 45. Kxh3 Kxb6 46. Kg4 Kc6 47. Kf5 Kd5 48. f4 Kd6 49. Kg6 Ke7 50. f5 Ke8 51. Kg7 Ke7 52. f6+ 1-0

[Event "*** SCC Grand Prix: Titled Tuesday Blitz"]
[Site "Chess.com"]
[Date "2020.06.09"]
[Round "2"]
[White "MirMan90"]
[Black "annakantane"]
[Result "1-0"]
[WhiteElo "2650"]
[BlackElo "2158"]
[TimeControl "180+1"]
[EndTime "9:17:18 PDT"]
[Termination "MirMan90 won by resignation"]

1. e4 e5 2. Nf3 Nc6 3. Bb5 a6 4. Ba4 Nf6 5. Bxc6 dxc6 6. Nc3 Nd7 7. d4 Qf6 8. O-O exd4 9. Qxd4 Bc5 10. Qxf6 gxf6 11.
Bf4 Bd6 12. Bxd6 cxd6 13. Rad1 Ke7 14. b3 Ne5 15. Nd4 Rg8 16. f4 Ng4 17. Rd3 f5 18. Re1 Kf6 19. h3 Nh6 20. e5+ dxe5 21. fxe5+ Ke7 22. Na4 Be6 23. Nxe6 fxe6 24. Nc5 b6 25. Rd7+ Ke8 26. Rxh7 bxc5 27. Rxh6 Rd8 28. Rxe6+ Kf7 29. Rf6+ Ke7 30. Rxf5 Rd2 31. Rf2 Rd5 32. e6 Rdg5 33. g4 Rh8 34. Kg2 Rh6 35. Rf7+ Ke8 36. Kg3 Rd5 37. Rf3 Rd6 38. e7 1-0

[Event "*** SCC Grand Prix: Titled Tuesday Blitz"]
[Site "Chess.com"]
[Date "2020.06.09"]
[Round "2"]
[White "willc-h99"]
[Black "ecwinslow"]
[Result "0-1"]
[WhiteElo "2433"]
[BlackElo "2244"]
[TimeControl "180+1"]
[EndTime "9:17:20 PDT"]
[Termination "ecwinslow won by checkmate"]

1. c4 e5 2. g3 Nf6 3. Bg2 d5 4. cxd5 Nxd5 5. Nc3 Nb6 6. e3 Be7 7. Nge2 O-O 8. O-O Bg4 9. h3 Bh5 10. g4 Bg6 11. d4 exd4 12. Nxd4 c6 13. f4 h6 14. f5 Bh7 15. e4 N8d7 16. Be3 Ne5 17.
b3 Bf6 18. Rc1 Re8 19. Qc2 Rc8 20. Rfd1 Qe7 21. Qf2 Red8 22. Nce2 c5 23. Nb5 Nd3 24. Rxd3 Rxd3 25. Bxc5 Qd7 26. Bxb6 Rxc1+ 27. Nxc1 Rd1+ 28. Bf1 axb6 29. Qc2 Rxf1+ 30. Kxf1 Qxb5+ 31. Kg2 Qc6 32. Qb1 h5 33. Ne2 hxg4 34. hxg4 g6 35. Qd3 gxf5 36. gxf5 Bxf5 37. Qg3+ Bg6 38. Nf4 Qxe4+ 39. Kh3 Be5 40. Qg2 Qxf4 41. Qxb7 Qg3# 0-1

[Event "*** SCC Grand Prix: Titled Tuesday Blitz"]
[Site "Chess.com"]
[Date "2020.06.09"]
[Round "2"]
[White "Duhless"]
[Black "TomsKantans"]
[Result "1-0"]
[WhiteElo "3052"]
[BlackElo "2629"]
[TimeControl "180+1"]
[EndTime "9:17:21 PDT"]
[Termination "Duhless won by checkmate"]

1. Nf3 c5 2. b3 Nc6 3. Bb2 Nf6 4. e3 g6 5. Bb5 Bg7 6. O-O O-O 7. d3 Qc7 8. Nbd2 b6 9. Bxc6 Qxc6 10. a4 Bb7 11.
Nc4 d6 12. e4 e5 13. Ne3 Rfe8 14. c4 a6 15. Nd2 Nh5 16. Nd5 Bc8 17. f4 exf4 18.
Bxg7 Kxg7 19. Qc2 g5 20. Qc3+ Kg6 21. g3 Bh3 22. gxf4 Bxf1 23. Rxf1 f6 24. fxg5 fxg5 25. Rf6+ Nxf6 26. Qxf6+ Kh5 27. Nf3 Rg8 28. Qf7+ Kh6 29. Nf6 Rg7 30. Ng4# 1-0